 Dungeon Crawl Stone Soup version 0.30-a0-719-gcc4359ea44 (webtiles) character file.

Game seed: 1702846647828406012

95 Farfigtubin the Vexing (level 4, -1/32 HPs)
             Began as a Gnoll Wanderer on Jan 27, 2023.
             Slain by Natasha (5 damage)
             ... on level 3 of the Dungeon.
             The game lasted 00:12:48 (1375 turns).

Farfigtubin the Vexing (Gnoll Wanderer)             Turns: 1375, Time: 00:12:49

Health: -1/32      AC:  5    Str: 14    XL:     4   Next: 66%
Magic:  8/11       EV: 10    Int: 11    God:
Gold:   116        SH:  0    Dex: 11    Spells: 11/13 levels left

rFire   + . .      SeeInvis .    a - +0 hand axe
rCold   x . .      Faith    .    (no shield)
rNeg    . . .      Spirit   .    c - +0 ring mail
rPois   .          Reflect  .    (no helmet)
rElec   .          Harm     .    (no cloak)
rCorr   .          Rampage  .    (no gloves)
Will    .....                    (no boots)
Stlth   +                        (no amulet)
HPRegen 0.25/turn                i - ring of fire
MPRegen 0.12/turn                (no ring)

@: no status effects
A: fangs 1, strong nose, distributed training
a: no special abilities


You were on level 3 of the Dungeon.
You visited 1 branch of the dungeon, and saw 3 of its levels.

You collected 116 gold pieces.

Inventory:

Hand Weapons
 a - a +0 hand axe (weapon)
Armour
 c - a +0 ring mail (worn)
Jewellery
 d - a ring of see invisible
 i - a ring of fire (left hand)
Scrolls
 b - a scroll of teleportation
 e - a scroll of magic mapping {unknown}
 h - a scroll of amnesia {unknown}
 j - 3 scrolls of identify {unknown}
 l - 2 scrolls of fear {unknown}
 m - a scroll of poison {unknown}
Potions
 f - a potion of heal wounds {unknown}
 g - 2 potions of curing
 k - a potion of mutation {unknown}
 n - a potion of haste {unknown}


   Skills:
 + Level 1.2 Fighting
 + Level 1.2 Short Blades
 + Level 1.2 Long Blades
 + Level 1.2 Axes
 + Level 1.2 Maces & Flails
 + Level 1.2 Polearms
 + Level 1.2 Staves
 + Level 1.2 Ranged Weapons
 + Level 1.2 Throwing
 + Level 2.8 Armour
 + Level 1.2 Dodging
 + Level 2.6 Stealth
 + Level 1.2 Shields
 + Level 1.2 Unarmed Combat
 + Level 5.1 Spellcasting
 + Level 1.0 Conjurations
 + Level 7.1 Hexes
 + Level 1.0 Summonings
 + Level 1.0 Necromancy
 + Level 1.0 Translocations
 + Level 1.0 Transmutations
 + Level 1.0 Fire Magic
 + Level 3.9 Ice Magic
 + Level 1.0 Air Magic
 + Level 1.0 Earth Magic
 + Level 1.0 Poison Magic
 + Level 1.4 Invocations
 + Level 1.2 Evocations


You had 11 spell levels left.
You knew the following spells:

 Your Spells              Type           Power      Damage    Failure   Level
a - Slow                  Hex            72%        N/A       2%          1
b - Freeze                Ice            44%        1d6       9%          1

Your spell library contained the following spells:

 Spells                   Type           Power      Damage    Failure   Level
 Confusing Touch          Hex            18%        N/A       7%          3
 Kiss of Death            Conj/Necr      20%        2d7       26%         1
 Sublimation of Blood     Necr           5%         N/A       38%         2
 Wereblood                Tmut           5%         N/A       38%         2
 Hailstorm                Conj/Ice       8%         3d4       41%         3
 Leda's Liquefaction      Hex/Erth       5%         N/A       61%         4
 Dispel Undead            Necr           5%         3d7       95%         4
 Summon Hydra             Summ           2%         N/A       100%        7


Dungeon Overview and Level Annotations

Branches:
Dungeon (3/15)

Altars:

Annotations:
D:3 Natasha


Innate Abilities, Weirdness & Mutations

You have very sharp teeth.
Your uncanny sense of smell can sniff out nearby items.
Your experience applies equally to all skills.


Message History

Okay, then.
It was a potion of curing.
You feel better. Natasha claws you but does no damage.
Aiming: Slow (safe; 2% risk of failure)
Press: ? - help, Q - select action, (/) - cycle Shift-Dir - straight line, f/p - Natasha
Aim: Natasha (moderately wounded, chance to affect: 50%)
Okay, then.
Casting: Slow (safe; 2% risk of failure)
Confirm with . or Enter, or press ? or * to list all spells.
Aiming: Freeze (safe; 9% risk of failure)
Press: ? - help, Shift-Dir - straight line, f/p - Natasha
Aim: Natasha (moderately wounded)
You freeze Natasha.
Natasha is heavily wounded.
Natasha barely misses you.
You closely miss Natasha. You punch Natasha.
Natasha is severely wounded.
Natasha stares at you and mumbles some strange words.
The magic dart hits you!
* * * LOW HITPOINT WARNING * * *
Casting: Freeze (safe; 9% risk of failure)
Confirm with . or Enter, or press ? or * to list all spells.
Aiming: Freeze (safe; 9% risk of failure)
Press: ? - help, Shift-Dir - straight line, f/p - Natasha
Aim: Natasha (severely wounded)
You freeze Natasha.
Natasha is severely wounded.
The shadow imp disappears in a puff of smoke!
Natasha howls an incantation.
You feel troubled.
Natasha casts a spell.
You barely miss Natasha.
Natasha is severely wounded.
You barely miss the crimson imp.
Natasha mumbles some strange words.
The crimson imp closely misses you.
You hit Natasha but do no damage. Your bite misses Natasha.
Natasha is severely wounded.
You miss the crimson imp. Natasha claws you.
You die...

#.....# ##....
.#.....# #..#
#.#.....# ###.##
#.#..##### #.....
#.#......# #.....
#.#......# #..... #
#.#......###.....
#.#.##........'.......
#..Kh@5..#....###.....
###.##..##....####.###
#. #..............#
..$.....############
#.#.##...# # # #...#
#...# #...# ∆ ....#


You could see Natasha, a crimson imp (summoned) and a kobold.

Vanquished Creatures
  4 adders
  5 dart slugs (D:1)
  A bat (D:1)
  3 endoplasms
  4 giant cockroaches
  3 goblins
  5 hobgoblins
  2 jackals (D:3)
  4 quokkas (D:1)
  3 ball pythons
  7 frilled lizards
  5 kobolds
  5 rats
51 creatures vanquished.

Notes
Turn   | Place    | Note
-------+----------+-------------------------------------------
     0 | D:1      | Farfigtubin the Gnoll Wanderer began the quest for the Orb.
     0 | D:1      | Farfigtubin set off with the following items: a +0 club, a
                  | scroll of teleportation, a +0 ring mail; and the following
                  | spells available to memorise: Slow, Confusing Touch,
                  | Freeze, Hailstorm, Leda's Liquefaction.
     0 | D:1      | Reached XP level 1. HP: 13/13 MP: 6/6
     4 | D:1      | Learned a level 1 spell: Slow
    75 | D:1      | Reached XP level 2. HP: 15/19 MP: 5/7
   307 | D:1      | Reached skill level 5 in Spellcasting
   307 | D:1      | Reached XP level 3. HP: 14/25 MP: 5/9
   522 | D:1      | Reached skill level 1 in Invocations
   806 | D:2      | Reached skill level 1 in Fighting
   806 | D:2      | Reached skill level 1 in Short Blades
   806 | D:2      | Reached skill level 1 in Long Blades
   806 | D:2      | Reached skill level 1 in Axes
   806 | D:2      | Reached skill level 1 in Maces & Flails
   806 | D:2      | Reached skill level 1 in Polearms
   806 | D:2      | Reached skill level 1 in Staves
   806 | D:2      | Reached skill level 1 in Ranged Weapons
   806 | D:2      | Reached skill level 1 in Throwing
   806 | D:2      | Reached skill level 1 in Dodging
   806 | D:2      | Reached skill level 1 in Shields
   806 | D:2      | Reached skill level 1 in Unarmed Combat
   806 | D:2      | Reached skill level 1 in Evocations
   939 | D:2      | Reached XP level 4. HP: 23/32 MP: 9/11
  1213 | D:3      | Learned a level 1 spell: Freeze
  1235 | D:3      | Reached skill level 1 in Conjurations
  1235 | D:3      | Reached skill level 1 in Summonings
  1235 | D:3      | Reached skill level 1 in Necromancy
  1235 | D:3      | Reached skill level 1 in Translocations
  1235 | D:3      | Reached skill level 1 in Transmutations
  1235 | D:3      | Reached skill level 1 in Fire Magic
  1235 | D:3      | Reached skill level 1 in Air Magic
  1235 | D:3      | Reached skill level 1 in Earth Magic
  1235 | D:3      | Reached skill level 1 in Poison Magic
  1356 | D:3      | Noticed Natasha
  1375 | D:3      | Slain by Natasha

Illustrated notes

Levels and vault maps discovered:
D:1:      tarquinn_simple_flora_water_c, layout_basic
D:2:      layout_rooms
D:3:      layout_basic, minmay_close_crescents, uniq_crazy_yiuf_cottage,
          uniq_natasha

Skill      XL: |  1  2  3  4 |
---------------+-------------+-----
Spellcasting   | 5 |  5.1
Invocations    | 1 |  1.4
Fighting       | 1 |  1.2
Short Blades   | 1 |  1.2
Long Blades    | 1 |  1.2
Axes           | 1 |  1.2
Maces & Flails | 1 |  1.2
Polearms       | 1 |  1.2
Staves         | 1 |  1.2
Ranged Weapons | 1 |  1.2
Throwing       | 1 |  1.2
Dodging        | 1 |  1.2
Shields        | 1 |  1.2
Unarmed Combat | 1 |  1.2
Evocations     | 1 |  1.2
Conjurations   | 1 |  1.0
Summonings     | 1 |  1.0
Necromancy     | 1 |  1.0
Translocations | 1 |  1.0
Transmutations | 1 |  1.0
Fire Magic     | 1 |  1.0
Air Magic      | 1 |  1.0
Earth Magic    | 1 |  1.0
Poison Magic   | 1 |  1.0
Armour         | |  2.8
Stealth        | |  2.6
Hexes          | |  7.1
Ice Magic      | |  3.9

Action                     |  1- 3 |  4- 6 || total
---------------------------+-------+-------++-------
  Melee: Hand axe          |   134 |    41 ||   175
         Club              |    10 |       ||    10
         Bite              |    10 |     1 ||    11
         Punch             |     2 |     1 ||     3
   Cast: Slow              |    35 |    10 ||    45
         Freeze            |       |     8 ||     8
    Use: Potion            |       |     1 ||     1
 Armour: Ring mail         |    50 |    29 ||    79
  Dodge: Dodged            |    81 |    37 ||   118

Table legend: (Time is in decaauts)
 A = Elapsed time spent in this place.
 B = Non-inter-level travel time spent in this place.
 C = Inter-level travel time spent in this place.
 D = Time resting spent in this place.
 E = Time spent auto-exploring this place.
 F = Levels seen in this place.
 G = Mean time per level.
                   A        B        C        D        E       F      G
               +--------+--------+--------+--------+--------+-----+--------+
         Total |   1426 |   1387 |     39 |      0 |    352 |   3 |  475.3 |
       Dungeon |   1426 |   1387 |     39 |      0 |    352 |   3 |  475.3 |
               +--------+--------+--------+--------+--------+-----+--------+

Top non-repeatable levels by time:
     D:1: 773 daAuts
     D:2: 449 daAuts
     D:3: 203 daAuts
